 Dungeon Crawl Stone Soup version 0.16.1-51-g6203257 (webtiles) character file.

83 Yawgmoth the Firebug (level 4, -3/36 HPs)
             Began as a Naga Fire Elementalist on July 4, 2015.
             Killed from afar by kae's ghost (12 damage)
             ... with a puff of flame
             ... on level 3 of the Dungeon.
             The game lasted 00:13:14 (2677 turns).

Yawgmoth the Firebug (Naga Fire Elementalist)       Turns: 2677, Time: 00:13:14

Health: -3/36      AC:  2    Str: 10    XL:     4   Next: 44%
Magic:  0/9        EV:  9    Int: 16    God:
Gold:   143        SH:  0    Dex: 12    Spells: 1 memorised, 8 levels left

rFire  . . .     SeeInvis +     i - +1 dagger (freeze)
rCold  . . .     Clarity  .     o - +0 leather armour (curse)
rNeg   . . .     SustAb   .     (no shield)
rPois  +         Gourm    .     (no helmet)
rElec  .         Spirit   .     (no cloak)
rCorr  .         Warding  .     (no gloves)
rMut   .         Stasis   .     (no barding)
MR     .....                    (no amulet)
Stlth  +.........               (no ring)
                                n - ring of loudness (curse)

@: very slow, not resistant to hostile enchantments, very unstealthy
A: spit poison, see invisible, deformed body, poison resistance, slowness 2, AC
+1
a: Spit Poison


You were on level 3 of the Dungeon.
You were not hungry.

You visited 1 branch of the dungeon, and saw 3 of its levels.

You collected 143 gold pieces.

Inventory:

Hand weapons
 f - a +0 dagger
 h - a +0 short sword
 i - a +1 dagger of freezing (weapon)
 q - a +1 vampiric dagger
 s - a +0 hunting sling
Armour
 a - a +0 robe
 d - a +0 ring mail
 o - a cursed +0 leather armour (worn)
 y - a +0 leather armour
Jewellery
 n - a cursed ring of loudness (left hand)
Scrolls
 e - 2 scrolls of identify {unknown}
 g - a scroll of immolation {unknown}
 r - 2 scrolls of fog {unknown}
 v - a scroll of magic mapping {unknown}
Potions
 k - a potion of ambrosia {unknown}
 l - 2 potions of heal wounds {unknown}
 m - a potion of brilliance {unknown}
 t - a potion of magic {unknown}
 w - a potion of lignification {unknown}
 x - a potion of restore abilities {unknown}
Books
 b - a book of Flames

   Spells                             Type                      Level
   a - Flame Tongue                   Conjuration/Fire             1
   b - Throw Flame                    Conjuration/Fire             2
   c - Conjure Flame                  Conjuration/Fire             3
   d - Inner Flame                    Hexes/Fire                   3
   e - Sticky Flame                   Conjuration/Fire             4
   f - Fireball                       Conjuration/Fire             5
Comestibles
 c - 3 bread rations
 p - 3 fruits
 u - a royal jelly
 z - 2 chunks of flesh


   Skills:
 - Level 1.5 Dodging
 - Level 3.0 Stealth
 + Level 3.1 Spellcasting
 + Level 2.2 Conjurations
 + Level 3.7 Fire Magic


You had 8 spell levels left.
You knew the following spells:

 Your Spells              Type           Power        Failure   Level  Hunger
a - Flame Tongue          Conj/Fire      ##...        10%         1    None


Dungeon Overview and Level Annotations

Branches:
Dungeon (3/15)

Altars:
Trog

Annotations:
D:3 kae's ghost, average TeFE


Innate Abilities, Weirdness & Mutations

You cannot wear boots.
You can spit poison.
Your serpentine skin is tough (AC +1).
You have supernaturally acute eyesight.
Armour fits poorly on your strangely shaped body.
Your system is resistant to poisons.
You cover ground very slowly.


Message History

Aim: kae's ghost, wielding a weapon of electrocution (heavily damaged)
The flame tongue hits kae's ghost.
Kae's ghost resists.
Kae's ghost is severely damaged.
Kae's ghost points at you and mumbles some strange words.
The puff of flame hits you!
* * * LOW HITPOINT WARNING * * *
Casting: Flame Tongue
Confirm with . or Enter, or press ? or * to list all spells.
Aiming: Flame Tongue
Press: ? - help, Shift-Dir - straight line, f/p - kae's ghost
Aim: kae's ghost, wielding a weapon of electrocution (severely damaged)
The flame tongue hits kae's ghost.
Kae's ghost resists.
Kae's ghost is almost destroyed.
Kae's ghost hits you.
* * * LOW HITPOINT WARNING * * *
Drink which item? (? for menu, Esc to quit)
It was a potion of curing.
You feel better.
Kae's ghost gestures at you while chanting.
The puff of flame hits you!
You die...

#.. #..# #..#.# .
#..#.# ... ##..#.# ....
#.....# # ..... #.....#
.# .......#.....###.#
.......'W@..........
.......###.#...####..
....W +.........(... .
......###.#...##.#.. .
#..........รท...#.#.#.#
+#######.#....#.#.#.#
#.#....#.#...
##.#....#.#.####.#
...................


You could see kae's ghost.

Vanquished Creatures
  3 adders (D:2)
  A worm (D:2)
  A giant gecko (D:2)
  8 bats
  7 hobgoblins
  3 jackals (D:1)
  3 quokkas (D:2)
  A giant cockroach (D:2)
  3 giant newts
  5 goblins
  8 kobolds
  7 rats
50 creatures vanquished.

Notes
Turn   | Place    | Note
--------------------------------------------------------------
     0 | D:1      | Yawgmoth, the Naga Fire Elementalist, began the quest for the Orb.
     0 | D:1      | Reached XP level 1. HP: 15/15 MP: 3/3
   494 | D:1      | Reached XP level 2. HP: 22/22 MP: 1/4
  1357 | D:2      | Reached XP level 3. HP: 28/28 MP: 4/6
  1688 | D:2      | Reached XP level 4. HP: 20/36 MP: 0/9
  1926 | D:2      | Found a bloodstained altar of Trog.
  2664 | D:3      | Noticed kae's ghost (average TeFE)
  2677 | D:3      | Killed from afar by kae's ghost

Action                   |  1- 3 |  4- 6 || total
-------------------------+-------+-------++-------
Melee: Dagger            |    14 |     6 ||    20
 Cast: Flame Tongue      |    48 |    40 ||    88
  Use: Potion            |       |     1 ||     1
  Eat: Chunk             |     3 |     3 ||     6
